Cogmind - Beta 14 @@@ ROGUE MODE // 2024.09.10 @ 10:38:09 Player: Dull Result: Destroyed by S-27 Virus with Autogun Performance ------------- Evolutions (4) 2000 Regions Visited (11) 2200 Robots Destroyed (141) 705 Value Destroyed (4271) 4271 Prototype IDs (5) 100 Alien Tech Used (0) 0 Bonus (2482) 2482 TOTAL SCORE: 11758 Bonus ------- High Alert Combat Kills 984 Follower Combat Kills 1002 Entered Garrisons 200 Used RIF Installer 500 Friendly Fire -204 Cogmind --------- Core Integrity 0/850 Matter 241/300 Energy 218/310 System Corruption 36% Temperature Cool (0) Movement Rolling (130) Ox2 Location -6/Factory Parts ------- > --- POWER (1) -------- Heavy Deuterium Engine > --- PROPULSION (4) --- Armored Huge Wheel Armored Huge Wheel > --- UTILITY (6) ------ Huge Storage Unit Melee Analysis Suite Improved Propulsion Shielding Improved Light Armor Plating Improved Light Armor Plating Improved Field Recycling Unit > --- WEAPON (4) ------- Mini Assault Cannon Guided EMP Blaster Scythe > --- INVENTORY (25) --- Improved Deuterium Engine Improved Deuterium Engine Heavy Deuterium Engine Heavy Deuterium Engine Micro Nuclear Core Light Angular Momentum Engine Light Antimatter Reactor Armored Treads Armored Treads Improved Medium Treads Carbon-fiber Leg Carbon-fiber Leg Armored Huge Wheel Armored Huge Wheel Kinecellerator Improved Propulsion Shielding Improved Propulsion Shielding Heavy Laser Coil Gun Heavy Machine Gun Guided EMP Blaster Heavy Mace Peak State ------------ > --- POWER ------------ Light Fission Core > --- PROPULSION ------- Armored Huge Wheel Armored Huge Wheel > --- UTILITY ---------- High-capacity Storage Unit Improved Target Analyzer Damper Plating > --- WEAPON ----------- Quantum Rifle Gauss Cannon Heavy Flak Cannon Segregator > --- INVENTORY -------- Improved Deuterium Engine Improved Deuterium Engine Improved Deuterium Engine Micro Nuclear Core Light Antimatter Reactor Armored Huge Wheel Armored Huge Wheel Armored Huge Wheel Armored Huge Wheel Improved Target Analyzer Improved Propulsion Shielding Improved Propulsion Shielding Improved Propulsion Shielding Improved Field Recycling Unit [Rating: 80] Favorites ----------- Power Light Angular Momentum Engine Engine Light Angular Momentum Engine Power Core Enhanced Nuclear Core Reactor Light Antimatter Reactor Propulsion Medium Treads Treads Medium Treads Leg Aluminum Leg Wheel Armored Huge Wheel Utility Large Storage Unit Device ECM Suite Storage Large Storage Unit Processor Core Analyzer Protection Improved Light Armor Plating Weapon Advanced Assault Cannon Energy Gun Heavy Laser Ballistic Gun Flak Gun Ballistic Cannon Advanced Assault Cannon Launcher Guided EMP Blaster Special Weapon Mining Laser Impact Weapon Heavy Mace Slashing Weapon Scythe Build | -11 -10 -9 -8 -7 -7 -7 -7 -7 -6 -6 -6 ------- Run | Yrd Mat Mat Mat Fac Was Fac Gar Fac Fac Was Fac Slots Evolved 8 | . . 2 2 2 . . . . 2 . . Power . | . . . . . . . . . . . . Propulsion 2 | . . 2 . . . . . . . . . Utility 4 | . . . 2 1 . . . . 1 . . Weapon 2 | . . . . 1 . . . . 1 . . Parts Attached 165 | 2 21 27 13 5 2 8 33 2 30 . 22 Power 22 | . 4 5 1 . . 2 2 . 5 . 3 Engine 18 | . 4 5 1 . . 2 2 . 2 . 2 Core 3 | . . . . . . . . . 2 . 1 Reactor 1 | . . . . . . . . . 1 . . Propulsion 50 | 2 8 8 7 . . 2 16 . 5 . 2 Treads 16 | 2 . . 5 . . 2 4 . 3 . . Leg 30 | . 8 8 2 . . . 12 . . . . Wheel 4 | . . . . . . . . . 2 . 2 Hover . | . . . . . . . . . . . . Flight . | . . . . . . . . . . . . Utility 42 | . 4 4 4 2 1 1 5 2 10 . 9 Device 12 | . 2 . 2 1 1 . . 2 2 . 2 Storage 5 | . 1 2 . . . . . . 1 . 1 Processor 8 | . 1 . . 1 . 1 . . 4 . 1 Hackware . | . . . . . . . . . . . . Protection 17 | . . 2 2 . . . 5 . 3 . 5 Artifact . | . . . . . . . . . . . . Weapon 51 | . 5 10 1 3 1 3 10 . 10 . 8 Energy Gun 2 | . . . . . . . . . 1 . 1 Energy Cannon . | . . . . . . . . . . . . Ballistic Gun 22 | . . 6 . 1 1 . 6 . 6 . 2 Ballistic Cannon 16 | . 5 2 1 1 . 3 1 . 2 . 1 Launcher 2 | . . . . . . . . . . . 2 Special Weapon 1 | . . 1 . . . . . . . . . Impact Weapon 1 | . . . . . . . . . . . 1 Slashing Weapon 7 | . . 1 . 1 . . 3 . 1 . 1 Piercing Weapon . | . . . . . . . . . . . . Special Melee Weapon . | . . . . . . . . . . . . Unidentified Prototypes 5 | . . 1 . . . . . . 1 . 3 Corrupted Parts 1 | . . . . . . . 1 . . . . System Corruption 5 | . . . . . . . 5 . . . . Parts Lost 42 | . . 12 2 . . . 2 . 21 1 4 Power 5 | . . 2 . . . . . . 3 . . Propulsion 15 | . . 5 . . . . 2 . 7 . 1 Utility 10 | . . 2 2 . . . . . 5 . 1 Weapon 12 | . . 3 . . . . . . 6 1 2 Highest Loss Streak 15 | . . 9 1 . . . 1 . 15 1 1 To Critical Strikes 1 | . . . . . . . . . 1 . . Average Slot Usage (%) 89 | . 88 96 98 100 100 100 99 100 83 53 62 Engine 6 | . 14 11 9 7 7 7 7 7 2 5 3 Treads 12 | . 4 . 19 30 30 30 8 30 18 . . Leg 12 | . 23 41 16 . . . 20 . . . . Wheel 2 | . . . . . . . . . 1 13 12 Device 8 | . 4 6 8 15 17 18 9 7 9 . 4 Storage 7 | . 14 11 9 7 7 7 7 7 6 6 6 Processor 6 | . 2 . . 1 7 11 15 6 5 6 3 Protection 7 | . . 3 17 13 5 . 4 15 9 . 10 Ballistic Gun 8 | . . 10 9 10 13 2 4 15 17 . 4 Ballistic Cannon 11 | . 25 10 9 7 7 20 15 7 5 12 5 Slashing Weapon 1 | . . . . 3 1 . 1 . . 3 4 Peak Build Rating 80 | 6 8 16 32 40 43 52 58 58 80 56 76 Average Rating 42 | 6 6 12 26 36 41 47 47 57 60 50 56 On Entrance 33 | 6 6 8 15 32 40 43 52 58 57 56 34 Naked Turns . | . . . . . . . . . . . . Heaviest Build 164 | 11 32 34 44 47 46 51 60 64 116 74 164 Greatest Support 104 | 40 40 43 104 104 104 104 104 104 104 56 56 Greatest Overweight (x) 22 | . 1 3 1 . . . 1 . 22 1 2 Average Overweight (x) . | . . . . . . . . . . . 1 Largest Inventory Capacity 25 | 8 15 15 15 15 15 15 15 15 20 20 25 Average Capacity 16 | 8 12 15 15 15 15 15 15 15 19 20 23 Most Carried 25 | 6 15 15 15 15 15 15 15 15 20 20 25 Average Carried 15 | 4 10 13 14 14 14 15 14 15 17 20 17 Final Capacity 25 | 8 15 15 15 15 15 15 15 15 20 20 25 Final Carried 25 | 4 15 15 15 15 15 15 15 15 20 20 25 Class Distribution -------------------- 29% | Gunner 23% | Mutant 18% | Scavenger-Mutant 16% | Tank 11% | Scavenger-Gunner Dominant Class ---------------- Mutant | -10/Materials Scavenger-Mutant | -9/Materials Mutant | -8/Materials Scavenger-Mutant | -7/Factory Gunner | -7/Waste Gunner | -7/Factory Scavenger-Gunner | -7/Garrison Tank | -7/Factory Gunner | -6/Factory Gunner | -6/Waste Tank | -6/Factory Resources | -11 -10 -9 -8 -7 -7 -7 -7 -7 -6 -6 -6 ----------- Run | Yrd Mat Mat Mat Fac Was Fac Gar Fac Fac Was Fac Matter Collected 5153 | 200 592 638 411 150 70 106 1140 173 1147 . 526 Remotely 1716 | . 216 322 . . . . . 98 1080 . . Salvage Created 4809 | . 657 1016 404 6 . 69 424 138 1517 . 578 Parts 304 | . 39 71 33 1 . 4 27 18 76 . 35 Haulers Intercepted 5 | . 1 1 1 . . . . . 1 . 1 Recyclers Shooed 9 | . 2 2 . . . . . . 3 . 2 Parts Field Recycled 44 | . . . . . . . . . . . 44 Retrieved Matter 658 | . . . . . . . . . . . 658 Parts Self-Destructed . | . . . . . . . . . . . . Prevented . | . . . . . . . . . . . . Kills | -11 -10 -9 -8 -7 -7 -7 -7 -7 -6 -6 -6 ------- Run | Yrd Mat Mat Mat Fac Was Fac Gar Fac Fac Was Fac Combat Hostiles Destroyed 103 | . 15 24 11 . . 2 13 2 28 . 8 Melee 1 | . . . . . . . . . . . 1 Guns 49 | . . 17 2 . . . 2 2 24 . 2 Cannons 52 | . 15 7 9 . . 2 11 . 4 . 4 Classes Destroyed 17 | . 5 5 1 . . . 1 1 2 . 2 Worker 9 | . 2 2 . . . . . . 3 . 2 Builder 9 | . . 1 1 1 . . . . 3 . 3 Hauler 5 | . 1 1 1 . . . . . 1 . 1 Recycler 8 | . 3 3 . . . . . . 2 . . Mechanic 1 | . . . . . . . . . . . 1 Operator 2 | . . 1 . . . . . 1 . . . Watcher 4 | . . 2 . . . . . 1 1 . . Swarmer 36 | . 5 10 4 . . . 7 . 10 . . Grunt 33 | . 10 8 3 . . 2 . . 8 . 2 Brawler 1 | . . . . . . . . . 1 . . Duelist 3 | . . 2 . . . . 1 . . . . Protector 2 | . . . . . . . 1 . 1 . . Sentry 16 | . . 4 3 . . . 4 1 1 . 3 Specialist 3 | . . . . . . . . . 3 . . Hunter 1 | . . . 1 . . . . . . . . Programmer 7 | . . . . . . . . 1 4 . 2 Heavy 1 | . . . . . . . . . . . 1 Best Kill Streak 11 | . 3 11 4 1 . 2 3 1 5 . 4 Combat Bots Only 9 | . 3 9 4 . . 2 3 1 4 . 2 Max Kills in Single Turn 2 | . 2 2 1 1 . 1 1 1 2 . 2 Gunslinging 1 | . . . . . . . . . 1 . . Exploded . | . . . . . . . . . . . . Melee 1 | . . . . . . . . . . . 1 Uniques/NPCs Destroyed . | . . . . . . . . . . . . Combat | -11 -10 -9 -8 -7 -7 -7 -7 -7 -6 -6 -6 -------- Run | Yrd Mat Mat Mat Fac Was Fac Gar Fac Fac Was Fac Hostile Shots Fired 1261 | . 66 140 76 . . 1 138 72 273 1 494 Missed 409 | . 18 32 16 . . . 42 29 81 . 191 Damage Taken 10854 | . 479 1634 815 . . 76 1342 356 3365 50 2737 Core 1357 | . 93 215 42 . . 17 128 5 401 50 406 Absorbed by Shields . | . . . . . . . . . . . . Redirected to Shielding 235 | . . 7 8 . . . . . 121 . 99 Ignored by Resistances 331 | . . . . . . . . . 99 . 232 Regen/Repaired (Parts) 50 | . . 27 . . . . 23 . . . . Core Remaining (%) 75 | 100 62 46 92 . . . . 78 . . . Volleys Fired 352 | . 48 81 44 1 . 4 45 12 65 . 52 Largest 4 | . 2 2 2 2 . 3 3 3 4 . 3 Hottest 159 | . 70 100 67 71 . 144 144 109 159 . 147 Shots Fired 814 | . 78 152 88 2 . 12 121 37 237 . 87 Gun 419 | . . 94 44 1 . 2 22 24 189 . 43 Cannon 380 | . 78 56 44 1 . 10 99 13 48 . 31 Launcher 13 | . . . . . . . . . . . 13 Special 2 | . . 2 . . . . . . . . . Kinetic 794 | . 78 150 88 2 . 12 121 37 236 . 70 Thermal 7 | . . 2 . . . . . . 1 . 4 Explosive . | . . . . . . . . . . . . Electromagnetic 13 | . . . . . . . . . . . 13 Robot Hit Streak 14 | . 8 9 8 1 . 4 9 5 9 . 14 Robot Miss Streak 18 | . 8 4 5 1 . 1 12 8 18 . 4 Penetration Max 1 | . . . . . . . . . 1 . . Secondary Targets 9 | . . 5 . . . . . . 4 . . Max Gunslinging Chain 1 | . . 1 . . . . . . 1 . . Shots Hit Robots 505 | . 36 98 60 1 . 7 61 23 157 . 62 Core Hits 315 | . 22 44 21 1 . 2 40 14 143 . 28 Critical Kills 6 | . . 2 . . . . . . 4 . . Critical Parts Destroyed 1 | . . . . . . . . . 1 . . Critical Strikes 22 | . 1 3 2 1 . 1 1 2 8 . 3 Destroy 7 | . . 2 . . . . . . 5 . . Blast 15 | . 1 1 2 1 . 1 1 2 3 . 3 Melee Attacks 30 | . . 1 . . . . 20 . 7 . 2 Thermal 7 | . . . . . . . . . 7 . . Impact . | . . . . . . . . . . . . Slashing 23 | . . 1 . . . . 20 . . . 2 Piercing . | . . . . . . . . . . . . Sneak Attacks . | . . . . . . . . . . . . Combat Hostiles . | . . . . . . . . . . . . Follow-up Attacks . | . . . . . . . . . . . . Damage Inflicted 11237 | . 689 1574 1007 28 . 175 1255 532 4136 . 1841 Guns 5610 | . . 930 388 . . 14 188 308 3208 . 574 Cannons 5017 | . 689 644 619 28 . 161 1067 224 928 . 657 Explosions 531 | . . . . . . . . . . . 531 Melee 61 | . . . . . . . . . . . 61 Ramming 18 | . . . . . . . . . . . 18 Kinetic 10579 | . 689 1574 1007 28 . 175 1255 532 4106 . 1213 Thermal 115 | . . . . . . . . . 30 . 85 Explosive . | . . . . . . . . . . . . Electromagnetic 464 | . . . . . . . . . . . 464 Impact . | . . . . . . . . . . . . Slashing 61 | . . . . . . . . . . . 61 Piercing . | . . . . . . . . . . . . Highest Corruption 36 | . . . 1 . . . 5 5 10 30 36 Average Corruption 13 | . . . 1 . . . 5 5 5 20 33 Corruption Purged . | . . . . . . . . . . . . Corruption Blocked . | . . . . . . . . . . . . Effects 177 | . . . 2 . . . 42 11 28 12 82 Message Errors 32 | . . . . . . . 8 1 4 . 19 Matter Fused 39 | . . . . . . . 9 4 5 1 20 Heat Flow Errors 26 | . . . . . . . 9 2 4 5 6 Energy Discharges 19 | . . . 2 . . . 7 1 5 1 3 Parts Rejected 6 | . . . . . . . . . 1 2 3 Parts Fused 1 | . . . . . . . . 1 . . . Data Loss (minor) 19 | . . . . . . . 5 1 4 1 8 Data Loss (major) 5 | . . . . . . . . . . . 5 Misfires 5 | . . . . . . . 1 1 2 . 1 Alerts 9 | . . . . . . . 1 . 1 1 6 Misdirections 3 | . . . . . . . . . . 1 2 Weapon Failures 13 | . . . . . . . 2 . 2 . 9 Overload Shots . | . . . . . . . . . . . . Overflow Damage 42 | . . . . . . 18 . . 9 . 15 Projectiles 33 | . . . . . . 18 . . 9 . 6 Explosions 1 | . . . . . . . . . . . 1 Melee 8 | . . . . . . . . . . . 8 Knockbacks 47 | . 7 5 5 . . . 9 2 17 . 2 Impact . | . . . . . . . . . . . . Kinetic 41 | . 6 5 5 . . . 8 1 14 . 2 Secondary 6 | . 1 . . . . . 1 1 3 . . Self-Inflicted Damage 72 | . . . . . . . . . . . 72 Shots 5 | . . . . . . . . . . . 5 Rammed 2 | . . . . . . . . . . . 2 Targets Rammed 2 | . . . . . . . . . . . 2 Kicked . | . . . . . . . . . . . . Crushed . | . . . . . . . . . . . . Highest Temperature 449 | . 63 36 60 . . 180 399 297 449 252 397 Average Temperature 93 | . 20 11 21 . . 81 102 102 121 100 125 Received Heat Transfer 2161 | . 129 417 369 . . 36 186 81 349 . 594 Effects 7 | . . . . . . . 3 1 1 2 . Shutdowns 1 | . . . . . . . 1 . . . . Energy Bleed 3 | . . . . . . . 1 1 1 . . Interference 2 | . . . . . . . . . . 2 . Matter Decay 1 | . . . . . . . 1 . . . . Siege Activations . | . . . . . . . . . . . . Robots Corrupted 1 | . . . . . . . . . . . 1 Combat Hostiles 1 | . . . . . . . . . . . 1 Parts Fried 5 | . . . . . . . . . . . 5 Impact Corruptions . | . . . . . . . . . . . . Robots Melted . | . . . . . . . . . . . . Combat Hostiles . | . . . . . . . . . . . . Parts Melted . | . . . . . . . . . . . . Heat Transferred 274 | . . . . . . . . . 37 . 237 Parts Sabotaged 2 | . . . . . . . . . 2 . . Parts Stolen . | . . . . . . . . . . . . Parts Stripped . | . . . . . . . . . . . . Power Chain Reactions 4 | . . . . . . . . . . . 4 Alert | -11 -10 -9 -8 -7 -7 -7 -7 -7 -6 -6 -6 ------- Run | Yrd Mat Mat Mat Fac Was Fac Gar Fac Fac Was Fac Peak Influence 1955 | . 304 512 446 97 33 431 1955 1133 885 266 200 Initial 1026 | . . 128 191 92 33 23 301 1026 480 266 165 Average 580 | . 174 276 268 93 33 167 1349 1053 708 244 95 Maximum Alert Level 5 | . 1 2 2 . . 2 5 4 3 1 1 Low Security (%) 34 | 100 56 43 15 100 100 66 . . . . 99 Level 1 18 | . 43 30 78 . . 30 2 . . 100 . Level 2 10 | . . 25 6 . . 2 7 . 35 . . Level 3 15 | . . . . . . . 11 64 64 . . Level 4 14 | . . . . . . . 52 35 . . . Level 5 6 | . . . . . . . 27 . . . . High Security . | . . . . . . . . . . . . Max Security . | . . . . . . . . . . . . Squads Dispatched 25 | . 2 2 2 . . 4 . 3 6 . 6 Investigation 4 | . 1 . 1 . . 1 . . 1 . . Extermination 6 | . . . . . . 1 . 1 2 . 2 Reinforcement 10 | . 1 2 1 . . 2 . 1 1 . 2 Assault 3 | . . . . . . . . . 2 . 1 Garrison 2 | . . . . . . . . 1 . . 1 Intercept . | . . . . . . . . . . . . Searches Triggered . | . . . . . . . . . . . . Construction Impeded 3 | . . . . . . 1 . 1 . . 1 Haulers Reinforced . | . . . . . . . . . . . . Active Scanning Responses . | . . . . . . . . . . . . Cargo Convoy Interrupts 2 | . . . . . . . . . 1 . 1 Stealth | -11 -10 -9 -8 -7 -7 -7 -7 -7 -6 -6 -6 --------- Run | Yrd Mat Mat Mat Fac Was Fac Gar Fac Fac Was Fac Distress Signals 9 | . 4 2 2 . . . . 1 . . . Communications Jammed . | . . . . . . . . . . . . Distress Signals . | . . . . . . . . . . . . Times Spotted 211 | . 28 32 15 . . 6 44 7 51 5 23 Peak Tracking Total 11 | . 6 9 7 . . 2 7 3 11 5 6 Tactical Retreats 18 | . 4 . 1 . . . 7 . 4 . 2 Traps | -11 -10 -9 -8 -7 -7 -7 -7 -7 -6 -6 -6 ------- Run | Yrd Mat Mat Mat Fac Was Fac Gar Fac Fac Was Fac Traps Triggered 16 | . 1 2 1 1 . 1 4 . 1 . 5 Indirectly . | . . . . . . . . . . . . Trap Hack Attempts . | . . . . . . . . . . . . Triggered . | . . . . . . . . . . . . Disarmed . | . . . . . . . . . . . . Reprogrammed . | . . . . . . . . . . . . Reused . | . . . . . . . . . . . . Traps Extracted . | . . . . . . . . . . . . Installed . | . . . . . . . . . . . . Triggered 1 | . . . . . . . . . . . 1 Machines | -11 -10 -9 -8 -7 -7 -7 -7 -7 -6 -6 -6 ---------- Run | Yrd Mat Mat Mat Fac Was Fac Gar Fac Fac Was Fac Machines Disabled 14 | . . 1 . . . 1 4 2 5 . 1 Max in Single Turn 1 | . . 1 . . . . 1 1 1 . 1 Garrison Access 3 | . . . . . . . . 1 . . 2 Machines Repaired . | . . . . . . . . . . . . Machines Dismantled . | . . . . . . . . . . . . Machines Sabotaged . | . . . . . . . . . . . . Overloaded Fab Kills . | . . . . . . . . . . . . Hacking | -11 -10 -9 -8 -7 -7 -7 -7 -7 -6 -6 -6 --------- Run | Yrd Mat Mat Mat Fac Was Fac Gar Fac Fac Was Fac Machines Accessed 22 | . 3 6 4 . . 2 2 1 2 . 2 Terminals 13 | . 2 4 3 . . . 2 . 2 . . Fabricators 2 | . . . . . . 1 . . . . 1 Repair Stations 2 | . 1 1 . . . . . . . . . Recycling Units 2 | . . 1 1 . . . . . . . . Scanalyzers . | . . . . . . . . . . . . Garrison Access 3 | . . . . . . 1 . 1 . . 1 Total Hacks 52 | . 9 13 11 . . 3 4 3 7 . 2 Successful 16 | . 2 3 3 . . 2 2 1 1 . 2 Failed 36 | . 7 10 8 . . 1 2 2 6 . . Catastrophic 9 | . . 4 2 . . . . 1 2 . . Database Lockouts . | . . . . . . . . . . . . Manual 27 | . 3 10 8 . . . . 2 4 . . Terminals 34 | . 5 10 8 . . . 4 . 7 . . Fabricators 2 | . . . . . . 1 . . . . 1 Repair Stations 6 | . 4 2 . . . . . . . . . Recycling Units 4 | . . 1 3 . . . . . . . . Scanalyzers . | . . . . . . . . . . . . Garrison Access 6 | . . . . . . 2 . 3 . . 1 Terminal Hacks 4 | . . . 1 . . . 2 . 1 . . Level Access Points 2 | . . . 1 . . . . . 1 . . Emergency Access Points 1 | . . . . . . . 1 . . . . Security Stations 1 | . . . . . . . 1 . . . . Fabricator Hacks 2 | . . . . . . 1 . . . . 1 Build 2 | . . . . . . 1 . . . . 1 Repair Station Hacks 4 | . 2 2 . . . . . . . . . Scan Component 3 | . 2 1 . . . . . . . . . Repair 1 | . . 1 . . . . . . . . . Recycling Unit Hacks 3 | . . 1 2 . . . . . . . . Recycle Component 2 | . . . 2 . . . . . . . . Report Inventory 1 | . . 1 . . . . . . . . . Scanalyzer . | . . . . . . . . . . . . Garrison Access Hacks 3 | . . . . . . 1 . 1 . . 1 Unlock Access 1 | . . . . . . 1 . . . . . Seal Access 2 | . . . . . . . . 1 . . 1 Unauthorized Hacks . | . . . . . . . . . . . . Terminals . | . . . . . . . . . . . . Fabricators . | . . . . . . . . . . . . Repair Stations . | . . . . . . . . . . . . Recycling Units . | . . . . . . . . . . . . Scanalyzers . | . . . . . . . . . . . . Garrison Access . | . . . . . . . . . . . . Data Cores Recovered 2 | . . 1 . . . . . 1 . . . Used 1 | . . 1 . . . . . . . . . Hacking Detections 16 | . 3 4 4 . . . 2 1 2 . . Full Trace Events 4 | . . 1 2 . . . . . 1 . . Feedback Events . | . . . . . . . . . . . . Feedback Blocked . | . . . . . . . . . . . . Robot Schematics Acquired . | . . . . . . . . . . . . Robots Built 1 | . . . . . . 1 . . . . . Authchips . | . . . . . . . . . . . . Time 40 | . . . . . . 40 . . . . . Total Robot Build Rating 1 | . . . . . . 1 . . . . . Part Schematics Acquired . | . . . . . . . . . . . . Parts Built 2 | . . . . . . . . . . . 2 Authchips . | . . . . . . . . . . . . Time 106 | . . . . . . . . . . . 106 Total Part Build Rating 12 | . . . . . . . . . . . 12 Parts Repaired 1 | . . 1 . . . . . . . . . Time 26 | . . 26 . . . . . . . . . Parts Recycled 2 | . . . 2 . . . . . . . . Recycled Matter . | . . . . . . . . . . . . Retrieved Matter . | . . . . . . . . . . . . Retrieved Components . | . . . . . . . . . . . . Parts Scanalyzed . | . . . . . . . . . . . . Part Schematics Acquired . | . . . . . . . . . . . . Parts Damaged . | . . . . . . . . . . . . Bothacking | -11 -10 -9 -8 -7 -7 -7 -7 -7 -6 -6 -6 ------------ Run | Yrd Mat Mat Mat Fac Was Fac Gar Fac Fac Was Fac Used RIF Installer 1 | . . . . . . . 1 . . . . Robots Hacked . | . . . . . . . . . . . . Non-combat . | . . . . . . . . . . . . Combat . | . . . . . . . . . . . . Robot Hacks Applied . | . . . . . . . . . . . . Relay Couplers Released . | . . . . . . . . . . . . Fabnet Peak Effective % . | . . . . . . . . . . . . Robots Rewired . | . . . . . . . . . . . . Allies Hacked 1 | . . . . . . . . 1 . . . Hacks Repelled . | . . . . . . . . . . . . Allies | -11 -10 -9 -8 -7 -7 -7 -7 -7 -6 -6 -6 -------- Run | Yrd Mat Mat Mat Fac Was Fac Gar Fac Fac Was Fac Total Allies 24 | . . . . . 20 1 2 . . 1 . Largest Group 20 | . . . . . 20 12 12 1 . 1 . Highest-Rated Group 546 | . . . . . 546 333 492 88 . 31 . Highest-Rated Ally 95 | . . . . . 35 35 95 88 . 31 . Total Orders 1 | . . . . . . 1 . . . . . COLLECT 1 | . . . . . . 1 . . . . . Ally Attacks 117 | . . . . . . 58 50 7 . 2 . Total Damage 3708 | . . . . . . 1286 2174 205 . 43 . Kills 39 | . . . . . . 13 25 1 . . . Allies Corrupted 2 | . . . . . . . 1 1 . . . Allies Melted . | . . . . . . . . . . . . Intel | -11 -10 -9 -8 -7 -7 -7 -7 -7 -6 -6 -6 ------- Run | Yrd Mat Mat Mat Fac Was Fac Gar Fac Fac Was Fac Robot Analysis Total . | . . . . . . . . . . . . Derelict Logs Recovered . | . . . . . . . . . . . . Drone Launches . | . . . . . . . . . . . . Drone Recoveries . | . . . . . . . . . . . . Exploration | -11 -10 -9 -8 -7 -7 -7 -7 -7 -6 -6 -6 ------------- Run | Yrd Mat Mat Mat Fac Was Fac Gar Fac Fac Was Fac Turns Passed 9624 | 9 634 1074 927 247 345 588 2269 474 1492 222 1343 Spaces Moved 5240 | 4 236 581 409 142 203 318 1493 267 620 196 771 Core 14 | . . . . . . . . . 14 . . Treads 2057 | 4 27 . 218 142 203 318 365 267 513 . . Legs 2109 | . 209 581 191 . . . 1128 . . . . Wheels 1060 | . . . . . . . . . 93 196 771 Hover . | . . . . . . . . . . . . Flight . | . . . . . . . . . . . . Fastest Speed 100 | 160 120 120 120 162 162 162 120 162 100 100 100 Average Speed 143 | 160 171 120 158 162 162 162 130 162 182 113 121 Slowest Speed 1150 | 160 190 330 240 162 162 163 240 162 1150 115 130 Overloaded Moves . | . . . . . . . . . . . . Propulsion Burnouts . | . . . . . . . . . . . . Robots Hopped . | . . . . . . . . . . . . Cave-ins Triggered . | . . . . . . . . . . . . Exploration Rate (%) 39 | 2 37 59 36 4 84 11 99 7 21 96 17 Regions Visited 11 Branch Regions . Pre-discovered Areas . | . . . . . . . . . . . . Known Exits Taken 2 | . . . 1 . . 1 . . . . . Unknown Exits Taken 4 | 1 1 1 . . . . . 1 . . . Scrap Searched . | . . . . . . . . . . . . Spaces Dug 3 | . . 3 . . . . . . . . . Terrain Destroyed 55 | . . 3 6 . . 2 . 10 24 . 10 Melee 1 | . . 1 . . . . . . . . . Projectile 48 | . . 2 6 . . 2 . 10 24 . 4 AOE 6 | . . . . . . . . . . . 6 Terrain Rammed . | . . . . . . . . . . . . Walls Destroyed . | . . . . . . . . . . . . Machines Disabled . | . . . . . . . . . . . . Actions | -11 -10 -9 -8 -7 -7 -7 -7 -7 -6 -6 -6 --------- Run | Yrd Mat Mat Mat Fac Was Fac Gar Fac Fac Was Fac Total 6660 | 7 389 806 605 160 221 379 1700 282 819 197 1095 Wait 608 | . 60 72 108 . 10 46 34 . 69 . 209 Move 5232 | 3 235 580 408 142 202 318 1492 266 620 195 771 Hop . | . . . . . . . . . . . . Pick Up 130 | . 9 27 17 6 2 1 24 1 19 1 23 Fast Attach 30 | . 6 2 3 1 . 2 2 . 8 . 6 Attach 62 | . 1 15 4 2 1 . 6 . 17 . 16 Detach 3 | . . . . . . . . . . . 3 Swap 73 | 2 14 10 6 2 1 6 25 2 5 . . Drop 114 | 2 16 18 15 6 5 2 33 1 9 1 6 Fire 352 | . 48 81 44 1 . 4 45 12 65 . 52 Melee 30 | . . 1 . . . . 20 . 7 . 2 Ram 2 | . . . . . . . . . . . 2 Kick . | . . . . . . . . . . . . Crush . | . . . . . . . . . . . . Escape Stasis 15 | . . . . . . . 15 . . . . Rewire 9 | . . . . . . . 4 . . . 5 Trap . | . . . . . . . . . . . . Miscellaneous . | . . . . . . . . . . . . Route ------- -11/Scrapyard -10/Materials -9/Materials (discovered 2 exits: *Mat / [*Min]) -8/Materials (discovered 3 exits: *Fac x3) -7/Factory -7/Waste -7/Factory -7/Garrison (discovered 4 exits: *Fac x3 / *Fac) -7/Factory -6/Factory (discovered 4 exits: Fac x4) -6/Waste -6/Factory History --------- Turn | Location | Event 5 | -11/Scrapyard | Discovered new exit (range 3) 10 | -11/Scrapyard | Entered Materials 308 | -10/Materials | Build established: Mutant 615 | -10/Materials | Discovered new exit (range 6) 644 | -10/Materials | Entered another Materials area 644 | -9/Materials | Evolved 2 slots: Propulsion x2 696 | -9/Materials | Build established: Scavenger-Mutant 707 | -9/Materials | Repaired Lgt. Cannon 1124 | -9/Materials | Discovered new exit (range 9) 1296 | -9/Materials | Destroyed 9 combat bots 1355 | -9/Materials | Lost 9 parts (1p4n2u2w) 1528 | -9/Materials | Core integrity fell below 50% 1644 | -9/Materials | Discovered new exit (range 16) 1718 | -9/Materials | Entered another Materials area 1718 | -8/Materials | Evolved 2 slots: Utility x2 1980 | -8/Materials | Build established: Mutant 2580 | -8/Materials | Identified exit to Factory 2645 | -8/Materials | Entered Factory 2645 | -7/Factory | Evolved 2 slots: Utility x1, Weapon x1 2882 | -7/Factory | Discovered new exit (range 16) 2892 | -7/Factory | Sucked down chute 2892 | -7/Factory | Entered Waste 2893 | -7/Waste | Joined by Warlord forces that had cleared the area 3129 | -7/Waste | Discovered new exit (range 11) 3145 | -7/Waste | Found Damper Plating 3237 | -7/Waste | Entered Factory 3237 | -7/Factory | Accompanied by 11 allies 3279 | -7/Factory | Build established: Gunner 3295 | -7/Factory | Fabricated A-02 Transporter (x1) 3819 | -7/Factory | Identified exit to Garrison 3825 | -7/Factory | Entered Garrison 3825 | -7/Garrison | Accompanied by 10 allies 3830 | -7/Garrison | Found embedded Infiltrators 3869 | -7/Garrison | Triggered checkpoint 3986 | -7/Garrison | Lost 6 allies 4023 | -7/Garrison | Triggered checkpoint 4027 | -7/Garrison | Triggered checkpoint 4040 | -7/Garrison | Triggered checkpoint 4121 | -7/Garrison | Triggered checkpoint 4281 | -7/Garrison | Discovered new exit (range 11) 4293 | -7/Garrison | Triggered checkpoint 4314 | -7/Garrison | Discovered new exit (range 5) 4359 | -7/Garrison | Triggered checkpoint 4369 | -7/Garrison | Build established: Scavenger-Gunner 4799 | -7/Garrison | Installed Relay Interface Framework 4902 | -7/Garrison | Discovered new exit (range 8) 4959 | -7/Garrison | Triggered checkpoint 5163 | -7/Garrison | Triggered checkpoint 5266 | -7/Garrison | Discovered new exit (range 11) 5325 | -7/Garrison | Triggered checkpoint 5393 | -7/Garrison | Learned Factory security intel 5434 | -7/Garrison | Build established: Scavenger-Mutant 6094 | -7/Garrison | Entered Factory 6094 | -7/Factory | Accompanied by 1 ally 6526 | -7/Factory | Discovered new exit (range 13) 6568 | -7/Factory | Entered another Factory area 6568 | -6/Factory | Evolved 2 slots: Utility x1, Weapon x1 6722 | -6/Factory | Build established: Tank 6896 | -6/Factory | Identified exit to Factory 6918 | -6/Factory | First assault squad dispatched 7132 | -6/Factory | Build established: Gunner 7631 | -6/Factory | Cargo convoy interrupted 7702 | -6/Factory | Lost 15 parts (1p5n4u5w) 7866 | -6/Factory | System corruption reached 10% 8060 | -6/Factory | Sucked down chute 8060 | -6/Factory | Entered Waste 8061 | -6/Waste | Met a frightened Derelict 8071 | -6/Waste | Spotted C-40 Crusher 8075 | -6/Waste | EMP discharged 8089 | -6/Waste | Spotted C-40 Crusher 8122 | -6/Waste | Spotted C-40 Crusher 8175 | -6/Waste | EMP discharged 8195 | -6/Waste | Spotted C-40 Crusher 8206 | -6/Waste | Crushed by Compactor (1 part destroyed, 1 dropped) 8207 | -6/Waste | Core integrity fell below 50% 8215 | -6/Waste | Spotted C-40 Crusher 8273 | -6/Waste | Discovered new exit (range 10) 8275 | -6/Waste | EMP discharged 8275 | -6/Waste | System corruption reached 30% 8282 | -6/Waste | Entered Factory 8513 | -6/Factory | Build established: Mutant 8604 | -6/Factory | Core integrity fell below 20% 8970 | -6/Factory | Garrison activated, responded to threat 9142 | -6/Factory | Build established: Tank 9314 | -6/Factory | Fabricated Field Propulsion Drive (x2) 9582 | -6/Factory | Cargo convoy interrupted 9625 | -6/Factory | Destroyed by S-27 Virus with Autogun Last Messages --------------- 09606_ U-05 Engineer lays Concrete. 09607_ Attempting to rewire H-61 Shepherd. 09607_ H-61 Shepherd reactivates. 09607_ Knocked back. 09608_ U-05 Engineer lays Concrete. 09610_ M-13 Machinist destroyed. 09612_ U-05 Engineer destroyed. 09612_ Chain reaction triggered in Corrupted Lgt. Ion Engine. 09612_ U-05 Engineer destroyed. 09612_ H-61 Shepherd misfires. 09613_ H-61 Shepherd system terminally corrupted. 09613_ Dynamic Insulation System fried. 09613_ Targeting Computer fried. 09613_ Visual Processing Unit fried. 09613_ Transmission Jammer fried. 09615_ Acquired Corrupted Unknown Treads. 09616_ K-01 Serf collects debris. 09617_ Acquired Corrupted Unknown Treads. 09618_ System corrupted: Component data lost. 09625_ U-05 Engineer lays Concrete. Map ----- +----------------------------------------------------+ | ?????????????????????????????????????????????????? | | ?????????????????????????????????????????????????? | | ?????????????????????????????????????????????????? | | ?????????????????????????????????????????????????? | | ?????????????????????????????????????????????????? | | ?????????????????????????????????????????????????? | | ?????????????????????????????????????????????????? | | ?????????????????????????????????????????????????? | | ?????????????????????????????????????????????????? | | ?????????????????????????????????????????????????? | | ?????????????????????????????????????????????????? | | ?????????????????????????????????????????????????? | | ?????????????????????????????????????????????????? | | ?????????????????????????????????????????????????? | | ?????????????????????????????????????????????????? | | ?????????????????????????????????????????????????? | | ?????????????? ??????????????????????????????????? | | ????????????? ]]?????????????????????????????????? | | ???????????? ]] ????????????????????????????????? | | ???????????? ?????#####+#####???????????????? | | ???????????? ???# ####+###????????? | | ??????????? #### ???????? | | ??????????? R ???????? | | ?????????? !! ! g ???????? | | ?????????? ! R u g ???????? | | ?????????? s @ ??????? | | ?????????? k s k A ??????? | | ????????????# ###s ] ???????? | | ????????????# ????# = #######?????????? | | ????????????# ???????### ########?????????? | | ????????????#????????????#=%* # """?????????? | | ?????????????????????????# %A """?????????? | | ????????????????????????#" ]! """ ????????? | | ????????????????????????#" %! # ??????? | | ???????????????????????# "%= ?????? | | ???????????????????????###!! ! ??????? | | ?????????????????????????#*!% ############??????? | | ?????????????????????????# = ###########???????? | | ????????????????????????##*! # #???????? | | ?????##############?????## g + #???????? | | ?????# #?????## %%# """ #???????? | | ?????# %#??????# ^^^ # """ + ??????? | | ?????# " " " " " ######## # """ ##??????? | | ?????# " " " " " # # #???????? | | ?????# " " " " " # # #???????? | | ?????# " " " " " + + ! #???????? | | ?????# " " " " " # %###########???????? | | ?????# " " " " " # %! #?????????????????? | | ?????# " " " " " # #####"##?????????????????? | | ?????# " " " " " # #???# #??????????????????? | +----------------------------------------------------+ Best States ------------- Heat Dissipation 37 Coolant Potential 65 Energy Generation 21 Energy Capacity 310 Matter Stores 300 Matter Capacity 300 Sight Range 16 Terrain Scan Range 14 Terrain Scan Density 210 ECM Strength 1 Armor Coverage 1600 Resistance: KI 20 Resistance: EM 90 Core Shielding 20 Propulsion Shielding 66 Utility Shielding 66 Evasion (%) 55 Melee Accuracy 5 Target Analysis 9 Core Analysis 6 Recoil Reduction 4 Kinecelleration 30 Item Schematics ----------------- None Robot Schematics ------------------ None Fabricated ------------ A-02 Transporter | x1 | -7/Factory | Preloaded Field Propulsion Drive | x2 | -6/Factory | Preloaded Alien Tech Used ----------------- None Achievements -------------- Below Tank We Are Legion Challenges ------------ None Game ------ Seed AblativeArcSystem Manual? 0 Play Time 01:31:33 Cumulative 39.7 hours Start 2024.09.10 @ 09:05:44 End 2024.09.10 @ 10:38:09 Sessions 1 Manual Loads 0 Difficulty Rogue Special Mode None Game No. 56 Rogue 56 Adventurer 0 Explorer 0 Win Type - Total 0 Types 0/0/0/0/0/0/0/0/0 Lore% 9 Gallery% 38 Achievement% 32 Wizard Run 0 Options --------- Layout 0 ASCII 0 Keyboard 0 Movement Mouse Keybinds 1 Fullscreen 1 Font 18/TerminusBold Map View 76x50 Zoom Use 0% Tactical HUD 1 Map Filters NONE Filters NONE Steam 1 RUN: c8ce4b04-f5c0-4446-8052-bb8f4ee2a7f7